 Dungeon Crawl Stone Soup version 0.29.1-12-g30fa7ad0bf (webtiles) character file.

Game seed: 6671253010709047417

3728 EarthwalkerPL the Fighter (level 9, -21/84 HPs)
             Began as a Minotaur Fighter on Dec 17, 2022.
             Was a Follower of Okawaru.
             Demolished by a two-headed ogre
             ... wielding a +0 giant club
              (24 damage)
             ... on level 8 of the Dungeon.
             The game lasted 00:15:01 (7543 turns).

EarthwalkerPL the Fighter (Minotaur Fighter)        Turns: 7543, Time: 00:15:02

Health: -21/84     AC: 18    Str: 24    XL:     9   Next: 92%
Magic:  8/8        EV:  7    Int:  5    God:    Okawaru [*.....]
Gold:   560        SH:  6    Dex: 11    Spells: 8/8 levels left

rFire   . . .      SeeInvis .   H - +2 broad axe (vorpal)
rCold   . . .      Faith    .   c - +0 buckler
rNeg    . . .      Spirit   .   g - +0 plate armour
rPois   +          Reflect  .   (helmet restricted)
rElec   .          Harm     .   (no cloak)
rCorr   .          Rampage  .   (no gloves)
Will    .....                   (no boots)
Stlth   ..........              y - amulet of regeneration
HPRegen 1.04/turn               j - +4 ring of protection
MPRegen 0.11/turn               a - ring of poison resistance

@: no status effects
A: horns 2, retaliatory headbutt
a: Renounce Religion, Heroism


You were on level 8 of the Dungeon.
You worshipped Okawaru.
Okawaru was aware of your devotion.
You visited 2 branches of the dungeon, and saw 10 of its levels.

You collected 560 gold pieces.

Inventory:

Hand Weapons
 H - a +2 vorpal broad axe (weapon)
Missiles
 J - 18 poisoned darts (quivered)
 N - a throwing net
Armour
 b - a +0 scale mail
 c - a +0 buckler (worn)
 f - a +0 chain mail
 g - a +0 plate armour (worn)
Jewellery
 a - a ring of poison resistance (right hand)
 j - a +4 ring of protection (left hand)
 l - an amulet of the acrobat
 y - an amulet of regeneration (around neck)
 C - an amulet of faith
 M - a ring of resist corrosion
Wands
 A - a wand of flame (34)
 E - a wand of digging (6)
 K - a wand of polymorph (7)
Scrolls
 e - 3 scrolls of silence {unknown}
 k - 3 scrolls of enchant weapon {unknown}
 n - a scroll of immolation {unknown}
 o - 2 scrolls of fear {unknown}
 p - 8 scrolls of identify {unknown}
 q - 2 scrolls of acquirement {unknown}
 t - 2 scrolls of blinking {unknown}
 u - 4 scrolls of teleportation {unknown}
 v - 3 scrolls of vulnerability {unknown}
 x - 2 scrolls of noise {unknown}
 B - a scroll of magic mapping {unknown}
 G - a scroll of poison {unknown}
 I - a scroll of enchant armour {unknown}
Potions
 d - 5 potions of might
 h - a potion of invisibility {unknown}
 i - 2 potions of flight {unknown}
 m - 2 potions of ambrosia {unknown}
 r - a potion of attraction {unknown}
 s - 4 potions of curing {unknown}
 w - 2 potions of lignification {unknown}
 z - 2 potions of haste {unknown}
 D - a potion of resistance {unknown}
 F - 2 potions of berserk rage {unknown}
 L - 2 potions of heal wounds {unknown}


   Skills:
 * Level 9.4 Fighting
 * Level 8.9 Axes
 * Level 9.3 Armour
 * Level 9.3 Shields


You had 8 spell levels left.
You didn't know any spells.
Your spell library contained the following spells:

 Spells                   Type           Power      Damage    Failure   Level
 Apportation              Tloc           0%         N/A       100%        1
 Necrotise                Necr           0%         1d4       100%        1
 Ensorcelled Hibernation  Hex/Ice        0%         N/A       100%        2
 Passwall                 Tmut/Erth      0%         N/A       100%        2
 Conjure Flame            Conj/Fire      0%         6-21      100%        3
 Swiftness                Air            0%         N/A       100%        3
 Fulminant Prism          Conj/Hex       0%         3d6       100%        4
 Fireball                 Conj/Fire      0%         3d3       100%        5
 Yara's Violent Unravell  Hex/Tmut       0%         3d3       100%        5
 Conjure Ball Lightning   Conj/Air       0%         3x3d6     100%        6
 Summon Small Mammal      Summ           Unusable   N/A       N/A         1
 Tukima's Dance           Hex            Unusable   N/A       N/A         3

Dungeon Overview and Level Annotations

Branches:
Dungeon (9/15)             Temple (1/1) D:7
   Lair: D:8-11         Orc: D:9-12

Altars:
Ashenzari
Cheibriados
Dithmenos
Elyvilon
Fedhas
Gozag
Kikubaaqudgha
Makhleb
Nemelex Xobeh
Okawaru
Qazlal
Ru
Trog
Uskayaw
Vehumet
Wu Jian
Xom
Zin

Shops:
D:4 :   D:7 :


Innate Abilities, Weirdness & Mutations

You have a pair of horns on your head.
You reflexively headbutt those who attack you in melee.


Message History

The electric eel shoots out a bolt of lightning at you!
The bolt of electricity hits the plant!
The plant begins to die.
The bolt of electricity hits the plant!
The plant begins to die.
The bolt of electricity hits you!
An electric eel comes into view.
The electric eel shoots out a bolt of lightning at you!
The bolt of electricity hits the plant!
The bolt of electricity hits you.
A two-headed ogre comes into view. It is wielding two +0 giant clubs.
The two-headed ogre shouts in stereo!
A nearby plant withers and dies.
The electric eel shoots out a bolt of lightning at you!
The bolt of electricity misses you.
The electric eel shoots out a bolt of lightning at you!
The bolt of electricity hits you!
The electric eel shoots out a bolt of lightning at you!
The bolt of electricity hits you but does no damage.
You block the two-headed ogre's attack. x2
There is a stone staircase leading up here.
The electric eel shoots out a bolt of lightning at you!
The bolt of electricity hits you. The two-headed ogre barely misses you.
The two-headed ogre hits you with a +0 giant club!
You climb upwards.
There is a stone staircase leading down here.
You slash the two-headed ogre!
The two-headed ogre is moderately wounded.
The two-headed ogre hits you with a +0 giant club!
The two-headed ogre hits you with a +0 giant club!!
* * * LOW HITPOINT WARNING * * *
You slash the two-headed ogre! You headbutt the two-headed ogre.
The two-headed ogre is severely wounded.
You slash the two-headed ogre!
The two-headed ogre is almost dead.
The two-headed ogre closely misses you. You furiously retaliate!
You headbutt the two-headed ogre, but do no damage.
The two-headed ogre hits you with a +0 giant club!!
* * * LOW HITPOINT WARNING * * *
You completely miss the two-headed ogre.
The two-headed ogre is almost dead.
The two-headed ogre hits you with a +0 giant club!!
You die...

.........# #.....#
..########## #.....#
..###......# #######
....#......#
....'......#
....#......#
#####......#########
....#######........#
.....#....#.....@..#
.....#....#.....O..#
.....'....#........#
##..##..###........#
.#####'##.....######
.#.....÷'.....#
.#.....÷#.....#
.#......#.....#
.#......#.....#


You could see a two-headed ogre.

Vanquished Creatures
  Maggie (D:6)
  A hornet (D:8)
  Eustachio (D:6)
  4 yaks (D:8)
  2 water moccasins (D:7)
  A black bear (D:6)
  Duvessa (D:4)
  2 ice beasts
  An ogre (D:6)
  4 phantoms
  A kobold brigand (D:8)
  A necrophage (D:5)
  6 wights
  4 scorpions
  Dowan (D:4)
  6 killer bees (D:8)
  3 howler monkeys
  A hound (D:7)
  An orc priest (D:3)
  A gnoll bouda (D:8)
  2 jellies
  Terence (D:2)
  2 iguanas
  5 gnolls (D:8)
  9 adders
  3 white imps
  2 ufetubi (D:5)
  6 worms
  4 dart slugs
  11 orcs
  5 ball pythons
  8 endoplasms
  3 goblins
  8 hobgoblins
  4 jackals
  12 kobolds
  4 quokkas
  7 bats
  4 frilled lizards
  6 rats
149 creatures vanquished.

Vanquished Creatures (others)
  2 plants (D:9)
2 creatures vanquished.

Grand Total: 151 creatures vanquished

Notes
Turn   | Place    | Note
-------+----------+-------------------------------------------
     0 | D:1      | EarthwalkerPL the Minotaur Fighter began the quest for the
                  | Orb.
     0 | D:1      | Reached XP level 1. HP: 19/19 MP: 0/0
    76 | D:1      | Reached XP level 2. HP: 17/27 MP: 1/1
  1193 | D:1      | Reached XP level 3. HP: 33/33 MP: 2/2
  1264 | D:2      | Found a faded altar of an unknown god.
  1584 | D:2      | Noticed Terence
  1592 | D:2      | Killed Terence
  1593 | D:2      | Reached XP level 4. HP: 36/41 MP: 3/3
  1939 | D:3      | Found an ancient bone altar of Kikubaaqudgha.
  2687 | D:3      | Reached XP level 5. HP: 31/47 MP: 4/4
  3048 | D:4      | Reached skill level 5 in Fighting
  3075 | D:4      | You fall into a shaft and drop 3 floors!
  3117 | D:7      | Reached skill level 5 in Armour
  3117 | D:7      | Reached skill level 5 in Shields
  3376 | D:5      | Entered Level 5 of the Dungeon
  3392 | D:4      | Reached XP level 6. HP: 47/56 MP: 5/5
  3450 | D:4      | Noticed Duvessa
  3450 | D:4      | Noticed Dowan
  3578 | D:4      | Found Zommi's Self-Improvement Boutique.
  3738 | D:4      | Killed Duvessa
  3738 | D:4      | Killed Dowan
  3739 | D:4      | Reached skill level 5 in Axes
  3739 | D:4      | Reached XP level 7. HP: 39/62 MP: 6/6
  3852 | D:4      | Got Guwnag's Anthology of the Remoulded Oath
  4898 | D:6      | Reached XP level 8. HP: 46/69 MP: 7/7
  5171 | D:6      | Noticed Eustachio
  5179 | D:6      | Killed Eustachio
  5207 | D:6      | Found a snail-covered altar of Cheibriados.
  5328 | D:6      | Noticed Maggie
  5351 | D:6      | Killed Maggie
  5769 | D:7      | Reached XP level 9. HP: 76/81 MP: 8/8
  5778 | D:7      | Found a staircase to the Ecumenical Temple.
  5795 | Temple   | Entered the Ecumenical Temple
  6026 | Temple   | Became a worshipper of Warmaster Okawaru
  6325 | D:7      | Found Buiq's Book Shoppe.
  6601 | D:8      | Got Zava's Cyclopedia of the Tarantula
  7198 | D:8      | Reached * piety under Okawaru
  7535 | D:9      | Noticed a two-headed ogre
  7542 | D:8      | HP: 2/84 [two-headed ogre/+0 giant club (25)]
  7543 | D:8      | Demolished by a two-headed ogre

Illustrated notes

Levels and vault maps discovered:
D:1:      elethiomel_arrival_infinity_welcomes_careful_drivers,
          layout_loops_corners, minmay_surrounded
D:2:      layout_basic, ebering_ecumenical_altar_rust, uniq_terence
D:3:      layout_loops_corners, amcnicky_altar_gilded, minmay_misc_feat_tiny,
          kennysheep_cluttered_room, hangedman_decor_slide_cut,
          grunt_ministairs_1
D:4:      layout_cave_pools, st_stairs_5, nicolae_shop_self_help, uniq_duvessa
D:5:      layout_loops_corners
D:6:      layout_basic, chei_slow_surprise, uniq_eustachio, uniq_maggie
D:7:      layout_loops_cross, minmay_temple_entry_glass, serial_shops,
          nicolae_shop_stone
D:8:      layout_gridville, kennysheep_flooded_box
D:9:      minmay_the_grid_3x2 [minmay_the_grid_expand, minmay_the_grid_box_x,
          minmay_the_grid_tri_star, minmay_the_grid_tiny_cups,
          minmay_the_grid_spikes, minmay_the_grid_prize_four_corners_diamond_a],
          layout_irregular_city, serial_bayou, serial_bayou_lagoon_a,
          serial_bayou_pond_d, serial_bayou_ford_a, serial_bayou_lake_a
Temple:   eino_temple_scatter_basement

Skill      XL: |  1  2  3  4  5  6  7  8  9 |
---------------+----------------------------+-----
Fighting       | 4 5 6 8 9 |  9.4
Shields        | 4 5 6 7 9 |  9.3
Armour         | 4 5 6 7 9 |  9.3
Axes           | 3 4 5 6 7 8 |  8.9

Action                   |  1- 3 |  4- 6 |  7- 9 || total
-------------------------+-------+-------+-------++-------
Melee: War axe           |    94 |    95 |   122 ||   311
       Headbutt          |    11 |    19 |    45 ||    75
       Broad axe         |       |       |   104 ||   104
Armor: Scale mail        |    12 |       |       ||    12
       Plate armour      |    58 |    57 |   156 ||   271
       Chain mail        |     1 |       |       ||     1
Dodge: Dodged            |    38 |    43 |    96 ||   177
Block: Buckler           |    23 |    24 |    60 ||   107
